 Dungeon Crawl Stone Soup version 0.24.0-13-gcf9b3192b9 (webtiles) character file.

Game seed: 4956501521374400120, levelgen mode: classic

1092 EnegeticOcto the Sneak (level 8, -5/57 HPs)
             Began as an Octopode Hunter on Nov 5, 2019.
             Slain by a sky beast (6 damage)
             ... on level 4 of the Dungeon.
             The game lasted 00:05:47 (5715 turns).

EnegeticOcto the Sneak (Octopode Hunter)            Turns: 5715, Time: 00:05:47

Health: -5/57      AC:  1    Str: 12    XL:     8   Next: 31%
Magic:  8/8        EV: 16    Int: 15    God:
Gold:   194        SH:  4    Dex: 12    Spells: 7/7 levels left

rFire    . . .     SeeInvis .   a - +3 short sword
rCold    . . .     Gourm    .   (no shield)
rNeg     . . .     Faith    .   (helmet restricted)
rPois    .         Spirit   .   p - +4 amulet of reflection
rElec    .         Reflect  +   m - +3 ring of evasion
rCorr    .         Harm     .   (no ring)
MR       .....                  (no ring)
Stlth    +++++.....             (no ring)
HPRegen  0.19/turn              (no ring)
MPRegen  0.11/turn              (no ring)
                                (no ring)
                                (no ring)

@: no status effects
A: almost no armour, stealthy swim, amphibious, 8 rings, constrict 8, camouflage
1, gelatinous body 1
a: no special abilities


You were on level 4 of the Dungeon.
You were very hungry.

You visited 2 branches of the dungeon, and saw 6 of its levels.

You collected 194 gold pieces.

Inventory:

Hand Weapons
 a - a +3 short sword (weapon)
Missiles
 c - 2 throwing nets (quivered) {!f}
 k - 3 poisoned darts
Jewellery
 m - a +3 ring of evasion (left tentacle)
 p - a +4 amulet of reflection (around mantle)
Scrolls
 f - a scroll of remove curse {@r2}
 i - a scroll of noise
 j - 2 scrolls of teleportation {@r3 !r}
Potions
 d - a potion of cancellation {unknown}
 g - a potion of brilliance {unknown}
 h - a potion of berserk rage {unknown}
 l - 3 potions of curing {@q1 !q}
 n - a potion of heal wounds {unknown}
Comestibles
 e - 14 rations


   Skills:
 + Level 5.8 Fighting
 - Level 4.0 Throwing
 - Level 2.0 Dodging
 + Level 7.9 Stealth
 + Level 5.2 Unarmed Combat


You had 7 spell levels left.
You didn't know any spells.
Your spell library was empty.

Dungeon Overview and Level Annotations

Branches:
Dungeon (5/15)             Temple (1/1) D:4

Altars:
Ashenzari
Cheibriados
Dithmenos
Elyvilon
Fedhas
Gozag
Hepliaklqana
Makhleb
Nemelex Xobeh
Okawaru
Sif Muna
Trog
Uskayaw
Vehumet
Wu Jian
Yredelemnul
Zin
The Shining One


Innate Abilities, Weirdness & Mutations

You cannot wear most types of armour.
You are very stealthy in the water. (Stealth+)
You are amphibious.
You can wear up to eight rings at the same time.
You can use your tentacles to constrict eight enemies at once.
Your skin changes colour to match your surroundings (Stealth+).
Your rubbery body absorbs attacks. (AC +1, EV +1)


Message History

You are too injured to fight recklessly!
You are too injured to fight recklessly!
Throwing (i - inventory. (/) - cycle)
k - 4 poisoned darts (quivered)
Press: ? - help, Shift-Dir - straight line, f - phantom
Aim: a phantom (severely damaged)
You throw a poisoned dart. The poisoned dart hits the phantom!
The phantom is severely damaged.
Throwing (i - inventory. (/) - cycle)
b - 6 javelins (quivered)
Press: ? - help, Shift-Dir - straight line, f/p - phantom
Aim: a phantom (severely damaged)
You throw a javelin.
The javelin pierces through the phantom but does no damage.
The phantom is severely damaged.
The phantom hits you.
The phantom blinks!
Throwing (i - inventory. (/) - cycle)
b - 5 javelins (quivered)
Press: ? - help, Shift-Dir - straight line, f/p - phantom
Aim: a phantom (severely damaged)
You throw a javelin.
The javelin pierces through the phantom!
The phantom is almost destroyed.
The phantom blinks!
Throwing (i - inventory. (/) - cycle)
b - 4 javelins (quivered)
Press: ? - help, Shift-Dir - straight line, f/p - phantom
Aim: a phantom (almost destroyed)
You throw a javelin. The javelin barely misses the phantom.
You closely miss the phantom.
The phantom is almost destroyed.
The phantom barely misses you.
You barely miss the phantom.
The phantom is almost destroyed.
The phantom blinks!
You miss the phantom. Your squeeze misses the phantom.
The phantom is almost destroyed.
The phantom hits you.
You hit the phantom.
You destroy the phantom!
You are feeling hungry.
A sky beast comes into view.
The sky beast moves out of view.
The sky beast flickers out of sight!
There is a strange disturbance nearby!
There is a strange disturbance nearby!
There is a strange disturbance nearby!
Throwing (i - inventory. (/) - cycle)
b - 3 javelins (quivered)
Press: ? - help, Shift-Dir - straight line You throw a javelin.
Throwing (i - inventory. (/) - cycle)
b - 2 javelins (quivered)
Press: ? - help, Shift-Dir - straight line You throw a javelin.
Throwing (i - inventory. (/) - cycle)
b - a javelin (quivered)
Press: ? - help, Shift-Dir - straight line You throw a javelin.
No previous command to re-do.
A sky beast appears from thin air!
Reactivating autopickup.
The sky beast barely misses you.
You hit the sky beast but do no damage. The sky beast closely misses you.
You closely miss the sky beast. The sky beast hits you.
The sky beast shocks you.
You hit the sky beast but do no damage.
The sky beast hits you but does no damage.
You hit the sky beast.
The sky beast is lightly wounded.
The sky beast hits you. The sky beast shocks you.
You closely miss the sky beast.
The sky beast is lightly wounded.
The sky beast hits you. The sky beast shocks you.
You hit the sky beast.
The sky beast is moderately wounded.
The sky beast hits you. The sky beast shocks you.
You closely miss the sky beast.
The sky beast is moderately wounded.
The sky beast flickers out of sight!
Deactivating autopickup; reactivate with Ctrl-A.
Something hits you. Something shocks you.
* * * LOW HITPOINT WARNING * * *
You miss something. Your squeeze misses something.
Something hits you but does no damage. Something closely misses you.
You see here a poisoned dart.
A sky beast appears from thin air!
Reactivating autopickup.
The sky beast hits you.
* * * LOW HITPOINT WARNING * * *
The sky beast shocks you.
* * * LOW HITPOINT WARNING * * *
You are feeling very hungry.
There is a stone staircase leading up here.
The sky beast flickers out of sight!
Deactivating autopickup; reactivate with Ctrl-A.
Something hits you.
* * * LOW HITPOINT WARNING * * *
Something shocks you.
* * * LOW HITPOINT WARNING * * *
You climb upwards.
Reactivating autopickup.
There is a stone staircase leading down here.
Something hits you.
* * * LOW HITPOINT WARNING * * *
Something shocks you.
You die...

###.# #.#####.##.# #. ....#
#.#####.##.######## #. .#..#
#.#...#...........# #. #...#
#.#...#....#...#..# #. .#.##
##.#...............# #.
##.#####..................# #.
##.##.............#......[# #.
#................##...#..######.
####...####...##@.###..........#.
..............##>.# ####..####.#.
####...####...##..###..........#.
# #..## #.####.................
#.## #.# ##.#......รท<...... #.#
#.# #.#.#.#...####### #.# #.#
#.........# #.. #.# #.#
#.#.#.#.#.# #.# #.# #.#
#.#.....#.# #.#


There were no monsters in sight!

Vanquished Creatures
  Grinder (D:4)
  Sigmund (D:3)
  A sky beast (D:5)
  2 ogres
  A phantom (D:5)
  A howler monkey (D:4)
  A crimson imp (D:3)
  An orc wizard (D:4)
  A centaur skeleton (D:5)
  An orc priest (D:3)
  A bullfrog skeleton (D:4)
  Jessica (D:2)
  Terence (D:2)
  2 worker ants (D:5)
  3 adders
  An adder skeleton (D:4)
  A worm (D:2)
  3 dart slugs (D:2)
  5 leopard geckos
  8 orcs
  7 bats
  4 giant cockroaches
  7 goblins
  5 hobgoblins
  14 jackals
  4 kobolds
  3 ball pythons
  4 frilled lizards
  A jackal skeleton (D:4)
  A quokka skeleton (D:4)
  A quokka zombie (D:3)
  11 rats
99 creatures vanquished.

Notes
Turn   | Place    | Note
-------+----------+-------------------------------------------
     0 | D:1      | EnegeticOcto the Octopode Hunter began the quest for the
                  | Orb.
     0 | D:1      | Reached XP level 1. HP: 14/14 MP: 1/1
   194 | D:1      | Reached skill level 2 in Stealth
   298 | D:1      | Reached XP level 2. HP: 19/19 MP: 2/2
   548 | D:1      | Reached skill level 1 in Unarmed Combat
   933 | D:1      | Reached XP level 3. HP: 18/25 MP: 3/3
  1586 | D:2      | Found an opulent altar of Gozag.
  1653 | D:2      | Noticed Terence
  1662 | D:2      | Killed Terence
  1662 | D:2      | Reached skill level 3 in Stealth
  1662 | D:2      | Reached XP level 4. HP: 15/31 MP: 4/4
  1831 | D:2      | Found a shattered altar of Ashenzari.
  2525 | D:2      | Noticed Jessica
  2531 | D:2      | Killed Jessica
  2761 | D:2      | Found a glowing golden altar of the Shining One.
  2762 | D:2      | Found a radiant altar of Vehumet.
  2763 | D:2      | Found a sparkling altar of Nemelex Xobeh.
  2763 | D:2      | Found a shimmering blue altar of Sif Muna.
  2765 | D:2      | Reached XP level 5. HP: 36/36 MP: 5/5
  2766 | D:2      | Found a blossoming altar of Fedhas.
  2766 | D:2      | Found a glowing silver altar of Zin.
  2768 | D:2      | Found a basalt altar of Yredelemnul.
  2886 | D:3      | Reached skill level 4 in Stealth
  2993 | D:3      | Noticed Sigmund
  3009 | D:3      | Killed Sigmund
  3009 | D:3      | Reached skill level 5 in Stealth
  3009 | D:3      | Reached XP level 6. HP: 23/43 MP: 6/6
  3887 | D:4      | Noticed a phantom
  4324 | D:4      | Noticed Grinder
  4338 | D:4      | Reached XP level 7. HP: 49/49 MP: 7/7
  4347 | D:4      | Killed Grinder
  4347 | D:4      | Reached skill level 6 in Stealth
  4447 | D:4      | Reached skill level 5 in Fighting
  4783 | D:4      | Found a staircase to the Ecumenical Temple.
  4792 | Temple   | Entered the Ecumenical Temple
  5011 | D:5      | Entered Level 5 of the Dungeon
  5017 | D:5      | Reached skill level 7 in Stealth
  5187 | D:5      | Reached XP level 8. HP: 56/56 MP: 8/8
  5210 | D:5      | Reached skill level 5 in Unarmed Combat
  5715 | D:4      | HP: 1/57 [something (2)]
  5715 | D:4      | Slain by a sky beast

Levels and vault maps discovered:
D:1:      evilmike_arrival_plus, layout_basic
D:2:      layout_basic, grunt_temple_overflow_open, ashenzari_altar_1,
          first_ration, grunt_gozag_breadcrumbs, uniq_terence, uniq_jessica
D:3:      layout_loops_ring, kennysheep_crisscross, uniq_sigmund
D:4:      layout_loops_ring, minmay_temple_entry_nine_rooms, uniq_grinder
D:5:      layout_cave_pods, grunt_qazlal_clouds
Temple:   eino_temple_lava

Skill      XL: |  1  2  3  4  5  6  7  8 |
---------------+-------------------------+-----
Stealth        | 2 3 5 7 |  7.9
Unarmed Combat | 1 2 3 4 5 |  5.2
Fighting       | 3 4 5 |  5.8
Throwing       | |  4.0
Dodging        | |  2.0

Action                   |  1- 3 |  4- 6 |  7- 9 || total
-------------------------+-------+-------+-------++-------
Melee: Short sword       |    57 |   115 |    63 ||   235
       Constrict         |    16 |    30 |     6 ||    52
       Tentacles         |     8 |    14 |    13 ||    35
       Punch             |       |     1 |     2 ||     3
Throw: Javelin           |     7 |    11 |    10 ||    28
       Throwing net      |     2 |       |       ||     2
       Dart              |       |       |    15 ||    15
  Use: Scroll            |       |     8 |       ||     8
 Stab: Sleeping          |     6 |    11 |     6 ||    23
       Distracted        |     1 |       |     1 ||     2
  Eat: Chunk             |     2 |     9 |     3 ||    14
Armor: Skin              |     4 |    14 |     3 ||    21
Dodge: Dodged            |    31 |    77 |    32 ||   140
Block: Other             |       |     7 |     2 ||     9
